AoeStats
← capt. Bear

African Clearing

506434697Analyzed
4v4 RM · 20d ago on Sep 13, 2026· 80m 12s· 8 players
Game mode
Random Map
Map size
Large (8 player)
Population
200
Speed
Normal
Resources
Standard
Victory
Conquest
Starting age
Dark Age
Ending age
Imperial Age
RankedLock teamsTeams togetherTeam positionsShared explorationLock speedFull tech treeHidden civsTurbo modeCheats
Victory
Defeat
🇨🇳 Maya · China
1610
+16
🇦🇷 Spanish · Argentina
1598
+17
🇹🇼 Georgians · Taiwan
1592
+17
🇹🇼 Japanese · Taiwan
1531
+20
🇹🇼 Khitans · Taiwan
1667
-20
🇹🇼 Magyars · Taiwan
1660
-19
🇹🇼 Spanish · Taiwan
1583
-16
🇺🇸 Mongols · United States
1564
-15
G5
3:47 Loom
15:06 Feudal Age
16:47 Town Watch
20:01 Castle Age
24:15 Padded Archer Armor
29:33 Leather Archer Armor
29:40 Double-Bit Axe
33:37 Horse Collar
35:44 Bloodlines
36:44 Husbandry
39:52 Fletching
40:08 Elite Skirmisher
41:11 Ballistics
46:08 Imperial Age
44:25 Bodkin Arrow
45:24 Masonry
45:14 Pikeman
50:51 Wheelbarrow
52:09 Hand Cart
58:26 Heavy Plow
59:16 Caravan
61:58 Coinage
64:24 Stone Mining
64:25 Gold Mining
65:47 Thumb Ring
66:57 Ring Archer Armor
66:28 Bracer
67:31 Banking
69:34 Light Cavalry
71:57 Conscription
71:10 Sappers
72:04 Supremacy
71:53 Halberdier
72:33 Squires
73:58 Scale Barding Armor
73:54 Scale Mail Armor
74:58 Chemistry
74:29 Architecture
74:25 Forging
73:54 Hussar
75:47 Arson
76:43 Bombard Tower
76:45 Cavalier
78:48 Chain Mail Armor
78:59 Chain Barding Armor
79:15 Iron Casting
kibou
11:30 Loom
13:55 Feudal Age
18:20 Castle Age
17:52 Double-Bit Axe
17:50 Fishing Lines
22:49 Fletching
23:55 Bodkin Arrow
26:33 Ballistics
33:35 Bow Saw
34:22 Wheelbarrow
37:30 Imperial Age
35:41 Gold Mining
36:10 Hand Cart
35:58 Scale Mail Armor
35:43 Eagle Warrior
37:18 Chain Mail Armor
37:36 Elite Eagle Warrior
39:00 Holcans
39:29 Plate Mail Armor
39:08 Squires
40:31 Forging
40:50 Arson
42:10 Iron Casting
46:08 Two-Man Saw
45:00 Elite Plumed Archer
46:00 Conscription
46:45 Chemistry
45:48 Bracer
46:48 Blast Furnace
45:49 Padded Archer Armor
47:52 Gillnets
49:37 Leather Archer Armor
50:37 Pikeman
51:09 Halberdier
53:42 Thumb Ring
54:09 Ring Archer Armor
59:49 Elite Skirmisher
60:36 Hul'che Javelineers
63:36 Caravan
79:08 Capped Ram
騷護士
3:52 Loom
13:07 Feudal Age
16:55 Castle Age
29:31 Double-Bit Axe
30:14 Fishing Lines
32:17 Gillnets
33:56 Wheelbarrow
36:20 Bow Saw
37:15 Coinage
40:18 Hand Cart
40:06 Gold Mining
43:32 Imperial Age
40:58 Horse Collar
42:16 Gold Shaft Mining
41:31 Stone Mining
42:20 Scale Mail Armor
42:31 Forging
42:41 Fletching
43:11 Padded Archer Armor
43:35 Bodkin Arrow
43:52 Thumb Ring
44:09 Ballistics
43:30 Treadmill Crane
44:05 Heavy Cavalry Archer
45:15 Bracer
45:36 Leather Archer Armor
46:24 Chemistry
45:07 Elite Skirmisher
46:38 Parthian Tactics
47:11 Bloodlines
47:01 Husbandry
49:01 Ring Archer Armor
48:04 Pikeman
48:31 Arson
50:49 Chain Mail Armor
51:09 Iron Casting
54:07 Halberdier
54:50 Squires
54:35 Gambesons
56:18 Plate Mail Armor
56:53 Blast Furnace
56:29 Heavy Plow
65:54 Caravan
69:08 Banking
69:51 Two-Man Saw
capt. Bear
9:56 Loom
13:07 Feudal Age
16:51 Castle Age
14:55 Double-Bit Axe
15:39 Town Watch
15:39 Horse Collar
19:12 Bow Saw
25:35 Fletching
26:17 Ballistics
29:01 Padded Archer Armor
29:01 Bodkin Arrow
30:53 Wheelbarrow
36:21 Imperial Age
34:38 Devotion
35:04 Scale Barding Armor
35:10 Forging
35:22 Bloodlines
36:06 Heavy Plow
36:31 Chain Barding Armor
36:39 Husbandry
37:17 Iron Casting
37:11 Gold Mining
38:56 Chemistry
39:00 Plate Barding Armor
37:51 Cavalier
39:04 Masonry
40:41 Iron Casting
43:34 Architecture
44:21 Blast Furnace
45:01 Conscription
45:38 Hand Cart
45:32 Bracer
45:37 Stone Mining
45:32 Treadmill Crane
47:14 Guard Tower
47:09 Arrowslits
48:42 Keep
48:17 Svan Towers
49:01 Coinage
49:25 Light Cavalry
50:43 Hussar
52:46 Scale Mail Armor
52:08 Pikeman
52:49 Squires
52:34 Arson
52:34 Gambesons
54:12 Chain Mail Armor
53:37 Elite Monaspa
54:26 Aznauri Cavalry
53:53 Halberdier
55:03 Padded Archer Armor
58:11 Plate Mail Armor
59:20 Caravan
61:16 Siege Engineers
62:05 Guilds
76:28 Hoardings
DDDDD
10:37 Loom
14:34 Feudal Age
19:51 Castle Age
17:50 Fishing Lines
18:40 Double-Bit Axe
19:07 Gold Mining
19:22 Fletching
20:48 Bow Saw
21:12 Bodkin Arrow
22:22 Husbandry
24:34 Gillnets
24:48 Horse Collar
26:46 Bloodlines
26:39 Padded Archer Armor
27:29 Ballistics
28:33 Wheelbarrow
29:02 Heavy Plow
32:09 Gold Shaft Mining
33:10 Hand Cart
33:44 Town Watch
35:23 Stone Mining
38:30 Imperial Age
36:43 Leather Archer Armor
36:36 Treadmill Crane
37:34 Corvinian Army
37:40 Scale Barding Armor
38:21 Masonry
38:49 Thumb Ring
39:25 Recurve Bow
39:46 Conscription
39:30 Bracer
40:01 Ring Archer Armor
40:32 Chemistry
39:41 Heavy Cavalry Archer
41:25 Two-Man Saw
41:01 Parthian Tactics
41:23 Chain Barding Armor
42:38 Hoardings
47:24 Coinage
47:33 Elite Magyar Huszar
49:09 Banking
52:22 Plate Barding Armor
65:43 Caravan
72:15 Crop Rotation
77:20 Capped Ram
wildanimal
14:09 Feudal Age
13:01 Loom
18:10 Castle Age
16:57 Double-Bit Axe
17:57 Gold Mining
22:25 Town Watch
23:18 Padded Archer Armor
24:30 Fletching
25:10 Horse Collar
27:06 Medium Warships
27:46 Herbal Medicine
30:34 Bodkin Arrow
37:08 Imperial Age
35:41 Wheelbarrow
36:42 Leather Archer Armor
37:01 Heavy Plow
39:16 Ring Archer Armor
38:25 Capped Ram
42:48 Conscription
42:46 Husbandry
42:59 Bracer
44:36 Hand Cart
44:56 Bloodlines
49:45 Bow Saw
52:10 Stone Mining
53:53 Fortified Wall
54:38 Masonry
58:40 Two-Man Saw
58:08 Scale Barding Armor
58:13 Forging
59:13 Town Patrol
60:08 Chain Barding Armor
60:24 Iron Casting
61:44 Plate Barding Armor
62:31 Light Cavalry
64:39 Blast Furnace
68:58 Cavalier
72:25 Hussar
74:48 Coinage
75:26 Guard Tower
75:57 Ballistics
75:21 Paladin
79:53 Banking
[TNT] TW_RED
11:14 Feudal Age
11:50 Double-Bit Axe
12:05 Domestication
15:00 Loom
16:56 Fletching
20:42 Forging
26:13 Castle Age
25:50 Wheelbarrow
30:57 Bow Saw
31:05 Pastoralism
34:46 Hand Cart
37:58 Gold Mining
39:42 Scale Barding Armor
40:13 Iron Casting
42:41 Imperial Age
40:44 Chain Barding Armor
41:02 Iron Casting
41:45 Husbandry
44:06 Plate Barding Armor
42:52 Heavy Camel Rider
43:00 Elite Steppe Lancer
43:57 Light Cavalry
44:00 Capped Ram
45:42 Transhumance
51:47 Siege Ram
54:02 Conscription
54:02 Ordo Cavalry
56:30 Conscription
56:53 Bodkin Arrow
57:32 Ballistics
58:12 Chemistry
57:14 Padded Archer Armor
57:39 Caravan
57:46 Heavy Cavalry Archer
58:51 Parthian Tactics
58:32 Thumb Ring
58:55 Bracer
59:11 Leather Archer Armor
59:41 Hussar
68:42 Coinage
69:44 Heavy Rocket Cart
70:31 Siege Engineers
bcda
11:00 Feudal Age
11:52 Double-Bit Axe
12:06 Loom
15:19 Forging
15:03 Horse Collar
17:25 Town Watch
21:36 Castle Age
19:28 Gold Mining
20:43 Bloodlines
21:55 Light Cavalry
22:35 Husbandry
22:42 Scale Barding Armor
24:16 Iron Casting
25:21 Wheelbarrow
26:58 Stone Mining
28:18 Fletching
30:19 Padded Archer Armor
32:48 Bodkin Arrow
33:42 Padded Archer Armor
35:10 Ballistics
36:06 Hand Cart
40:40 Imperial Age
40:04 Leather Archer Armor
40:01 Masonry
41:07 Nomads
40:55 Elite Mangudai
41:56 Conscription
42:03 Bracer
42:10 Thumb Ring
43:35 Chemistry
42:43 Capped Ram
44:08 Hoardings
43:53 Siege Ram
45:41 Drill
51:24 Onager
55:00 Siege Engineers
56:53 Blast Furnace
56:13 Chain Barding Armor
58:21 Gold Shaft Mining
58:21 Stone Shaft Mining
59:17 Coinage
58:48 Caravan
58:12 Heavy Scorpion
59:06 Heavy Plow
59:17 Bow Saw
62:00 Siege Onager
66:36 Banking
65:33 Hussar
71:15 Banking
Connection lost

Rejoining the realm…

Still unreachable

The connection could not be restored.

Session expired

The server has moved on; the page needs a fresh start.